 Dungeon Crawl Stone Soup version 0.24-a0-341-g52ca42d3ec (webtiles) character file.

Game seed: 3798620987870006051

809 MisterFreud the Changer (level 7, -5/43 HPs)
             Began as an Octopode Transmuter on May 20, 2019.
             Slain by a slave (10 damage)
             ... led by Pikel
             ... on level 5 of the Dungeon.
             The game lasted 00:09:26 (6011 turns).

MisterFreud the Changer (Octopode Transmuter)       Turns: 6011, Time: 00:09:27

Health: -5/43      AC:  2    Str: 13    XL:     7   Next: 92%
Magic:  14/15      EV: 19    Int: 18    God:
Gold:   166        SH:  0    Dex: 17    Spells: 6/17 levels left

rFire    . . .     SeeInvis .     - Unarmed
rCold    . . .     Gourm    .   (shield currently unavailable)
rNeg     . . .     Faith    .   (helmet currently unavailable)
rPois    x         Spirit   .   p - amulet of rage
rElec    .         Reflect  .   C - +4 ring of strength
rCorr    .         Harm     .   (no ring)
MR       .....                  (no ring)
Stlth    ++........             (no ring)
HPRegen  0.14/turn              (no ring)
MPRegen  0.14/turn              (no ring)
                                (no ring)
                                (no ring)

@: spider-form
A: tiny, almost no armour, stealthy swim, (amphibious), 8 rings, (constrict 8)
a: End Transformation, Evoke Berserk Rage


You were on level 5 of the Dungeon.
You were not hungry.
You were a venomous arachnid creature.
You visited 1 branch of the dungeon, and saw 5 of its levels.

You collected 166 gold pieces.

Inventory:

Missiles
 a - 41 arrows
 h - a throwing net (quivered)
 j - 179 stones
 k - 46 sling bullets
 A - 21 poisoned darts
Armour
 B - a +0 shield
Jewellery
 p - an amulet of rage (around neck)
 C - a +4 ring of strength (left front leg)
Wands
 n - a wand of acid (9)
 y - a wand of flame (16)
Scrolls
 b - 2 scrolls of teleportation {unknown}
 e - 2 scrolls of identify {unknown}
 f - a scroll of remove curse {unknown}
 i - a scroll of fog {unknown}
 m - 2 scrolls of blinking {unknown}
 o - a scroll of fear {unknown}
 s - 2 scrolls of amnesia {unknown}
 u - 2 scrolls of enchant armour {unknown}
 w - a scroll of random uselessness {unknown}
 D - a scroll of immolation {unknown}
Potions
 d - a potion of brilliance {unknown}
 g - a potion of heal wounds {unknown}
 l - a potion of curing
 q - 2 potions of berserk rage {unknown}
 r - a potion of mutation {unknown}
 t - a potion of flight {unknown}
 v - a potion of ambrosia {unknown}
 z - a potion of degeneration {unknown}
Comestibles
 c - 7 rations
 x - 6 chunks of flesh


   Skills:
 - Level 1.0 Fighting
 - Level 2.0 Dodging
 - Level 3.0 Unarmed Combat
 - Level 5.6 Spellcasting
 + Level 6.6 Transmutations


You had 6 spell levels left.
You knew the following spells:

 Your Spells              Type           Power        Failure   Level  Hunger
a - Beastly Appendage     Tmut           ####..       4%          1    None
b - Sticks to Snakes      Tmut           ####....     6%          2    None
c - Spider Form           Tmut/Pois      ###.......   24%         3    ##.....
d - Blade Hands           Tmut           ####......   43%         5    #####..

Your spell library contained the following spells:

 Spells                   Type           Power        Failure   Level  Hunger
 Ice Form                 Ice/Tmut       ###.....     54%         4    ####...


Dungeon Overview and Level Annotations

Branches:
Dungeon (5/15)
 Temple: D:4-7

Altars:
Fedhas
Makhleb
Trog
Wu Jian
Zin

Annotations:
D:2 exclusion: oklob plant
D:5 Pikel, Sigmund


Innate Abilities, Weirdness & Mutations

You cannot wear most types of armour.
You are very stealthy in the water. (Stealth+)
((You are amphibious.))
You can wear up to eight rings at the same time.
((You can use your tentacles to constrict eight enemies at once.))
((Your skin changes colour to match your surroundings (Stealth+).))
((Your rubbery body absorbs attacks. (AC +1, EV +1)))


Message History

Pikel is heavily wounded.
The slave closely misses you. Pikel barely misses you.
You hit Pikel.
Pikel looks as sick as possible!
Pikel is heavily wounded.
The slave completely misses you. The slave closely misses you.
Pikel hits you with a +1 whip of flaming!
* * * LOW HITPOINT WARNING * * *
Pikel burns you.
* * * LOW HITPOINT WARNING * * *
You feel better. The slave hits you!
* * * LOW HITPOINT WARNING * * *
The slave hits you but does no damage.
Pikel says, "I just want to get paid!"
Pikel hits you but does no damage.
You barely miss Pikel.
Pikel is severely wounded.
The slave hits you.
* * * LOW HITPOINT WARNING * * *
The slave barely misses you. The slave hits you!
You die...

..pp #.....# ..p..##.....
..p..#.....###
....K........##
?......#......# . ...
#....%..## . ....
#..p....# # .#
....####K....## .#..##...
##...#sp.....# .#...
....#....p.p.....#
....#..##.###..........#
....#......#..#........#
#...#...#.....#........#
........#...............#
...#.........รท.........(#
#...................)...#
.......................##


You could see Pikel and 4 slaves.

Vanquished Creatures
  Grinder (D:3)
  A phantom (D:4)
  An orc priest (D:4)
  Crazy Yiuf (D:2)
  An iguana (D:4)
  Ijyb (D:3)
  An orc wizard (D:4)
  4 worker ants
  Natasha (thrice) (D:4)
  Robin (D:2)
  4 gnolls (D:5)
  6 adders
  3 dart slugs
  6 leopard geckos
  4 orcs
  2 ball pythons
  4 giant cockroaches
  15 goblins
  14 hobgoblins
  8 jackals
  13 kobolds
  A quokka (D:2)
  11 bats
  2 frilled lizards
  8 rats
116 creatures vanquished.

Notes
Turn   | Place    | Note
-------+----------+-------------------------------------------
     0 | D:1      | MisterFreud the Octopode Transmuter began the quest for the
                  | Orb.
     0 | D:1      | Reached XP level 1. HP: 13/13 MP: 3/3
   539 | D:1      | Reached XP level 2. HP: 17/18 MP: 5/5
  1016 | D:1      | Reached XP level 3. HP: 23/23 MP: 7/7
  1178 | D:2      | Found a burning altar of Makhleb.
  1183 | D:2      | Found a glowing silver altar of Zin.
  1183 | D:2      | Noticed an angel
  1183 | D:2      | Noticed a balrug
  1864 | D:2      | Learned a level 2 spell: Sticks to Snakes
  1868 | D:2      | Learned a level 3 spell: Spider Form
  1902 | D:4      | Noticed Natasha
  1909 | D:4      | Reached XP level 4. HP: 28/28 MP: 5/9
  1916 | D:4      | Killed Natasha
  1916 | D:4      | Reached skill level 3 in Transmutations
  2104 | D:3      | Noticed Ijyb
  2116 | D:3      | Killed Ijyb
  2116 | D:3      | Reached XP level 5. HP: 24/33 MP: 6/11
  2562 | D:2      | Noticed Robin
  2570 | D:2      | Killed Robin
  3046 | D:2      | Found a blossoming altar of Fedhas.
  3112 | D:2      | Found a runed translucent door.
  3113 | D:2      | Noticed Crazy Yiuf
  3129 | D:2      | Killed Crazy Yiuf
  3129 | D:2      | Reached XP level 6. HP: 18/38 MP: 9/13
  3345 | D:2      | Noticed an oklob plant
  3506 | D:3      | Noticed Grinder
  3534 | D:3      | Killed Grinder
  3534 | D:3      | Reached skill level 5 in Spellcasting
  3534 | D:3      | Reached skill level 4 in Transmutations
  3534 | D:3      | Reached XP level 7. HP: 8/43 MP: 10/15
  4103 | D:4      | Found a bloodstained altar of Trog.
  4133 | D:4      | Noticed Natasha
  4138 | D:4      | Killed Natasha
  4190 | D:4      | Noticed Natasha
  4199 | D:4      | Killed Natasha
  4199 | D:4      | Reached skill level 5 in Transmutations
  4320 | D:4      | Noticed a hungry ghost
  4941 | D:4      | Learned a level 5 spell: Blade Hands
  5248 | D:4      | Reached skill level 6 in Transmutations
  5495 | D:5      | Entered Level 5 of the Dungeon
  5495 | D:5      | Noticed Sigmund
  5824 | D:5      | Found an ornate altar of the Wu Jian Council.
  5991 | D:5      | Noticed Pikel
  6002 | D:5      | Paralysed by Pikel for 4 turns
  6011 | D:5      | Slain by a slave

Levels and vault maps discovered:
D:1:      lightli_arrival_statuegarden, layout_basic, minmay_misc_feat_plants,
          minmay_misc_feat_chi
D:2:      layout_basic, grunt_temple_overflow_order_and_chaos_2, tgw_fedhas,
          uniq_crazy_yiuf_cottage, uniq_robin
D:3:      layout_loops_ring, gup_sewer_entry_bubbles, uniq_ijyb, uniq_grinder
D:4:      layout_loops_cross, trog_hazing_becter, uniq_natasha
D:5:      layout_cave_pools, nicolae_overflow_crystal_walls, vehumet_crystals,
          minmay_temple_entry_drinking_statues, first_ration, uniq_sigmund,
          uniq_pikel, uniq_eustachio

Skill      XL: |  1  2  3  4  5  6  7 |
---------------+----------------------+-----
Spellcasting   | 3 4 5 |  5.6
Transmutations | 3 4 6 |  6.6
Fighting       | |  1.0
Dodging        | |  2.0
Unarmed Combat | |  3.0

Action                   |  1- 3 |  4- 6 |  7- 9 || total
-------------------------+-------+-------+-------++-------
Melee: Unarmed           |    95 |   115 |   145 ||   355
       Tentacles         |    14 |    10 |     9 ||    33
       Constrict         |    19 |    13 |    14 ||    46
       Punch             |     2 |       |     2 ||     4
       Kick              |       |     1 |     6 ||     7
 Cast: Beastly Appendage |     2 |     1 |     2 ||     5
       Spider Form       |     1 |     6 |    11 ||    18
       Blade Hands       |       |       |     2 ||     2
 Abil: End Transformatio |       |       |     1 ||     1
  Use: Potion            |     1 |     1 |     1 ||     3
 Stab: Sleeping          |     5 |     2 |     2 ||     9
  Eat: Chunk             |     3 |     5 |     7 ||    15
       Ration            |       |       |     1 ||     1
Armor: Skin              |    10 |     8 |     9 ||    27
Dodge: Dodged            |    76 |    96 |   104 ||   276

Table legend:
 A = Non-vault XP
 B = Vault XP
 C = Vault XP percentage of total XP
 D = Non-vault monster count
 E = Vault monster count
 F = Vault count percentage of total count
                 A         B        C        D         E       F
            +---------+---------+-------+---------+---------+-------
      Total |     706 |     450 |  38.9 |      91 |      25 |  21.6
            +---------+---------+-------+---------+---------+-------
        D:1 |      38 |       0 |   0.0 |      22 |       0 |   0.0
        D:2 |      71 |      70 |  49.6 |      27 |      11 |  28.9
        D:3 |      46 |     337 |  88.0 |      19 |       7 |  26.9
        D:4 |     444 |      43 |   8.8 |      17 |       7 |  29.2
        D:5 |     107 |       0 |   0.0 |       6 |       0 |   0.0
            +---------+---------+-------+---------+---------+-------
